 Dungeon Crawl Stone Soup version 0.28-a0-175-gb2089b6bb7 (webtiles) character file.

Game seed: 1645228705935048728

821 Nattfarinn the Ruffian (level 7, 0/70 HPs)
             Began as a Troll Berserker on Aug 17, 2021.
             Was a Priest of Trog.
             Slain by a centaur (3 damage)
             ... on level 5 of the Dungeon.
             The game lasted 00:04:07 (2592 turns).

Nattfarinn the Ruffian (Troll Berserker)            Turns: 2592, Time: 00:04:07

Health: 0/70       AC:  5    Str: 28    XL:     7   Next: 63%
Magic:  15/15      EV: 10    Int:  3    God:    Trog [***...]
Gold:   296        SH:  0    Dex:  9    Spells: 6/6 levels left

rFire   + . .      SeeInvis .     - Unarmed
rCold   . . .      Faith    .   (no shield)
rNeg    . . .      Spirit   .   q - +1 robe "Bestram" {rF+ MP+9}
rPois   .          Reflect  .   (helmet restricted)
rElec   .          Harm     .   (no cloak)
rCorr   .          Rampage  .   (gloves unavailable)
Will    ++...                   (boots unavailable)
Stlth   +.........              (no amulet)
HPRegen 2.21/turn               (no ring)
MPRegen 0.14/turn               (no ring)

@: strong-willed, regenerating, hasted, very quick
A: large, unfitting armour, claws 3, regeneration 1, shaggy fur 1, tough skin 1
a: Renounce Religion, Berserk, Trog's Hand


You were on level 5 of the Dungeon.
You worshipped Trog.
Trog was most pleased with you.
You visited 1 branch of the dungeon, and saw 5 of its levels.

You collected 296 gold pieces.

Inventory:

Armour
 a - a +0 animal skin
 q - the +1 robe "Bestram" (worn) {rF+ MP+9}
   (You found it on level 4 of the Dungeon)

   rF:        It protects you from fire.
   MP:        It affects your magic capacity (+9).
Wands
 f - a wand of iceblast (8)
Scrolls
 b - 2 scrolls of identify {unknown}
 h - a scroll of immolation {unknown}
 m - a scroll of teleportation {unknown}
Potions
 c - 2 potions of lignification {unknown}
 d - a potion of ambrosia {unknown}
 e - a potion of berserk rage {unknown}
 g - a potion of brilliance {unknown}
 i - a potion of curing {unknown}
 j - a potion of haste
 k - a potion of mutation {unknown}
 l - a potion of might {unknown}
 n - a potion of heal wounds {unknown}
 o - a potion of invisibility {unknown}
 p - a potion of attraction {unknown}


   Skills:
 + Level 4.3 Fighting
 + Level 4.3 Dodging
 * Level 6.8 Unarmed Combat


You had 6 spell levels left.
You didn't know any spells.
Your spell library was empty.

Dungeon Overview and Level Annotations

Branches:
Dungeon (5/15)
 Temple: D:4-7

Altars:
Cheibriados
Hepliaklqana
Zin

Shops:
D:2 =


Innate Abilities, Weirdness & Mutations

You are too large for most types of armour.
You have claws for hands.
Your natural rate of healing is unusually fast.
You are covered in fur. (AC +1)
You have tough skin. (AC +1)


Message History

The centaur wields a +0 shortbow.
The centaur shoots an arrow.
The arrow hits you!
The centaur shoots an arrow.
The arrow hits you!
The centaur shoots an arrow.
The arrow hits you!
The ogre hits you with a +0 giant club!!
* * * LOW HITPOINT WARNING * * *
The centaur shoots an arrow.
The arrow hits you!
* * * LOW HITPOINT WARNING * * *
Unknown command.
The ogre barely misses you.
Unknown command.
Unknown command.
You mangle the ogre!!
You kill the ogre!
Trog accepts your kill.
The centaur shoots an arrow.
The arrow closely misses you.
Okay, then.
Unknown command.
Your skin crawls.
You feel strong-willed.
The centaur shoots an arrow.
The arrow hits you.
* * * LOW HITPOINT WARNING * * *
The centaur shoots an arrow.
The arrow misses you.
The centaur shoots an arrow.
The arrow hits you!
* * * LOW HITPOINT WARNING * * *
Things that are here:
a +0 giant club; an ogre corpse The centaur shoots an arrow.
The arrow hits you.
* * * LOW HITPOINT WARNING * * *
The centaur shoots an arrow.
The arrow hits you!
* * * LOW HITPOINT WARNING * * *
Found 15 stones.
The centaur unwields a +0 shortbow.
The centaur hits you.
* * * LOW HITPOINT WARNING * * *
The centaur kicks you but does no damage.
It was a potion of haste.
You feel yourself speed up. The centaur completely misses you.
The centaur kicks you but does no damage.
The centaur hits you.
You die...

#### # ###########
############.........#
'..........'.........+
############.........#
# #.........###
#...)........
#............
#....@.......
#....c.[....(
#............
#.........###
###########


You could see a centaur.

Vanquished Creatures
  Grinder (D:5)
  2 black bears (D:4)
  An ogre (D:5)
  A phantom (D:4)
  3 hounds
  An iguana (D:4)
  An orc wizard (D:4)
  5 adders
  An adder skeleton (D:4)
  5 dart slugs
  A worm (D:2)
  5 orcs
  7 ball pythons
  4 endoplasms
  A giant cockroach (D:3)
  8 goblins
  5 hobgoblins
  6 jackals
  4 quokkas
  6 bats
  5 frilled lizards
  6 kobolds
  6 rats
85 creatures vanquished.

Notes
Turn   | Place    | Note
-------+----------+-------------------------------------------
     0 | D:1      | Nattfarinn the Troll Berserker began the quest for the Orb.
     0 | D:1      | Reached XP level 1. HP: 22/22 MP: 0/0
   175 | D:1      | Reached XP level 2. HP: 29/29 MP: 1/1
   490 | D:2      | Found Cedduc's Jewellery Emporium.
   573 | D:2      | Reached XP level 3. HP: 36/36 MP: 2/2
   647 | D:2      | Reached ** piety under Trog
   765 | D:2      | Reached skill level 4 in Unarmed Combat
   787 | D:2      | Reached XP level 4. HP: 44/44 MP: 3/3
   846 | D:2      | Found a faded altar of an unknown god.
  1271 | D:3      | Found a snail-covered altar of Cheibriados.
  1661 | D:3      | Found a hazy altar of Hepliaklqana.
  1761 | D:3      | Found a glowing silver altar of Zin.
  1804 | D:4      | Noticed a phantom
  1807 | D:4      | Noticed a black bear
  1824 | D:4      | Reached XP level 5. HP: 53/53 MP: 4/4
  1838 | D:4      | Killed a phantom
  1839 | D:4      | Reached skill level 5 in Unarmed Combat
  1839 | D:4      | Reached XP level 6. HP: 61/61 MP: 5/5
  1993 | D:4      | Reached skill level 6 in Unarmed Combat
  1996 | D:4      | Reached XP level 7. HP: 32/68 MP: 6/6
  2041 | D:4      | Reached *** piety under Trog
  2128 | D:4      | Identified the +1 robe "Bestram" {rF+ MP+9}
  2485 | D:5      | Entered Level 5 of the Dungeon
  2518 | D:5      | Noticed Grinder
  2518 | D:5      | Paralysed by Grinder for 6 turns
  2531 | D:5      | Killed Grinder
  2590 | D:5      | HP: 2/70 [centaur/arrow (8)]
  2592 | D:5      | Slain by a centaur

Illustrated notes

Levels and vault maps discovered:
D:1:      minmay_arrival_hallway, layout_rooms, serial_forest,
          infiniplex_forest_end_double, infiniplex_forest_end_2,
          infiniplex_forest_lined_1, infiniplex_forest_end_1,
          infiniplex_forest_lined_room_2, infiniplex_forest_clump_medium,
          amcnicky_mini_rare_corridor_liquid
D:2:      minmay_general_purpose_star, layout_basic,
          shapermc_ecumenical_altar_ellora, serial_shops, shop
D:3:      layout_loops_ring, worldfamousw_hep_ancestral_shrine, zin_treasury,
          lemuel_doored_altar
D:4:      layout_basic, serial_bayou_pond_b, serial_park_tiny_pond,
          minmay_joined_circles
D:5:      layout_basic, uniq_grinder, uniq_duvessa

Skill      XL: |  1  2  3  4  5  6  7 |
---------------+----------------------+-----
Unarmed Combat | 4 5 6 |  6.8
Dodging        | 3 4 |  4.3
Fighting       | 3 4 |  4.3

Action                   |  1- 3 |  4- 6 |  7- 9 || total
-------------------------+-------+-------+-------++-------
Melee: Unarmed           |    73 |   131 |    23 ||   227
       Punch             |     3 |       |       ||     3
Invok: Trog's Hand       |       |     1 |     2 ||     3
       Berserk           |       |     1 |     1 ||     2
  Use: Potion            |       |       |     1 ||     1
 Stab: Sleeping          |     1 |     2 |       ||     3
Armor: Animal skin       |    20 |    33 |     4 ||    57
       Robe              |       |       |     3 ||     3
Dodge: Dodged            |    33 |    54 |    10 ||    97

Table legend: (Time is in decaauts)
 A = Elapsed time spent in this place.
 B = Non-inter-level travel time spent in this place.
 C = Inter-level travel time spent in this place.
 D = Time resting spent in this place.
 E = Time spent auto-exploring this place.
 F = Levels seen in this place.
 G = Mean time per level.
                   A        B        C        D        E       F      G
               +--------+--------+--------+--------+--------+-----+--------+
         Total |   2583 |   2496 |     87 |      0 |   2025 |   5 |  516.6 |
       Dungeon |   2583 |   2496 |     87 |      0 |   2025 |   5 |  516.6 |
               +--------+--------+--------+--------+--------+-----+--------+

Top non-repeatable levels by time:
     D:2: 710 daAuts
     D:4: 710 daAuts
     D:3: 561 daAuts
     D:1: 488 daAuts
     D:5: 113 daAuts
